[Event "Saint Louis Super Swiss 2023"]
[Site "Saint Louis"]
[Date "2023.03.16"]
[Round "7.9"]
[White "Kavutskiy, Konstantin"]
[Black "Daggupati, Balaji"]
[Result "1-0"]
[ECO "D11"]
[WhiteElo "2405"]
[BlackElo "2513"]
[Annotator "TA"]
[PlyCount "63"]
[EventDate "2023.03.12"]
[EventType "swiss"]
[EventCountry "USA"]
[TimeControl "5400+30"]

1. d4 d5 2. c4 c6 3. Nf3 Nf6 4. e3 Bg4 5. h3 Bh5 6. g4 {[%emt 0:01:23] D11: Slav Defence: 3 Nf3 sidelines and 3...Nf6 4 e3 Bg4.} Bg6 7. Ne5 Nbd7 8. Nxg6 {[%emt 0:01:14] White has an edge.} hxg6 9. Nd2 {[%emt 0:00:30] 9.cxd5 is becoming the main line.} e5 10. Bg2 {[%emt 0:13:20] [#]} Bd6 $146 ({Predecessor:} 10... exd4 11. exd4 dxc4 12. O-O Nb6 13. a4 a5 14. Nxc4 Nxc4 15. Qe2+ Be7 16. Qxc4 Qd6 {1-0 Ahlander,B (2416)-Doknjas,J (2123) Reykjavik op 2017 (2)}) 11. cxd5 cxd5 (11... Nxd5 {simplifies} 12. Nc4 Qe7 13. Bxd5 cxd5 14. Nxd6+ Qxd6 15. Bd2 exd4 16. exd4 O-O) 12. dxe5 Nxe5 13. Qa4+ Nc6 (13... Kf8 $15) 14. g5 (14. O-O $14) 14... Nd7 $11 {[%emt 0:12:01] White should prevent ...Nc5.} 15. Bxd5 Nb4 (15... O-O $11 {keeps the balance.} 16. Bxc6 bxc6) 16. Ne4 (16. Bxb7 $16 {Strongly threatening Bg2.} Rb8 17. Bc6 (17. Qxa7 $2 Bc5 $19 {[%mdl 64] Deflection})) 16... Be7 17. Qb3 (17. Bb3 $5 ) 17... Ne5 18. Nc3 (18. Bxb7 $2 Rb8 19. a3 (19. Qa4+ $2 Kf8 $19) 19... Rxb7 20. axb4 Rxb4 $19) 18... Qd7 19. a3 $1 Nbd3+ {[%emt 0:03:00] A dynamic duo of knights.} 20. Ke2 {[%emt 0:01:39] f4 would be deadly.} Qf5 {[%emt 0:00:06] [#]} (20... Bxg5 $2 21. f4 $18) (20... Rxh3 21. Qb5 (21. Bxb7 $2 Qg4+ 22. Kd2 Rd8 $19) 21... Rxh1 22. Bxh1 $14) (20... O-O-O $1 $11 {and Black is okay.}) 21. Qb5+ $1 $18 (21. Qxb7 $2 {too greedy.} Qxf2+ 22. Kd1 Rd8 $19) ({Don't take} 21. f4 $6 Nxc1+ 22. Raxc1 Qd3+ 23. Kf2 Qd2+ 24. Ne2 Nd3+ 25. Kf3 Rxh3+ 26. Rxh3 Qxe2+ 27. Kxe2 (27. Ke4 Nf2+ 28. Kd4 Qd2+ 29. Ke5 f6+ 30. Ke6 Nxh3 31. gxf6 gxf6 32. Qc3 Nxf4+ 33. exf4 Qe2+) 27... Nxc1+ 28. Kf3 Nxb3 $16) 21... Kf8 22. f4 {[%emt 0:00:15] Black must now prevent Be4.} a6 23. Qxb7 $40 {[%emt 0:00:33][%mdl 128] White attacks with force.} Nxc1+ $2 (23... Rd8) 24. Raxc1 Qd3+ 25. Kf2 Qd2+ 26. Ne2 Rd8 27. Rc8 Kg8 28. Rxd8+ Bxd8 29. fxe5 Bxg5 30. Bxf7+ Kf8 31. Qf3 (31. Bxg6 $142 Bh4+ 32. Kf3 Be7 33. Rf1 Rh4 34. Kg2+ Rf4 35. Rxf4+ Kg8 36. Qb3+ Kh8 37. Qb8+ Qd8 38. Qxd8+ {[%mdl 64] Remove Defender, Deflection, Back Rank} Bxd8 39. Rf8#) 31... Ke7 32. Rc1 {[%emt 0:00:54] A superb game by Kavutskiy.   Weighted Error Value: White=0.17 (very precise) /Black=0.69} ({Less strong is} 32. Bxg6 Rf8 33. Bf5 Bh4+ 34. Kg1 Rxf5 35. Qxf5 Qxe2 $14) 1-0

[Event "Saint Louis Super Swiss 2023"]
[Site "Saint Louis"]
[Date "2023.03.16"]
[Round "7.10"]
[White "Grabinsky, Aaron"]
[Black "Hakobyan, Aram"]
[Result "0-1"]
[ECO "C69"]
[WhiteElo "2405"]
[BlackElo "2620"]
[Annotator "TA"]
[PlyCount "94"]
[EventDate "2023.03.12"]
[EventType "swiss"]
[EventCountry "USA"]
[TimeControl "5400+30"]

1. e4 e5 2. Nf3 Nc6 3. Bb5 a6 4. Bxc6 dxc6 5. O-O f6 6. d4 Bg4 7. c3 Ne7 {[%emt 0:05:39] C69: Ruy Lopez: Exchange Variation with 5 0-0 f6.} 8. Be3 Ng6 9. Nbd2 Bd6 {[%emt 0:03:35] The position is equal.} 10. h3 Be6 11. c4 O-O {[%emt 0:06:30] [#]} 12. d5 $146 (12. c5 $5 Be7 13. Qc2 $11) ({Predecessor:} 12. c5 Be7 13. Qa4 Qe8 14. Rad1 Rf7 15. Qb4 b5 16. Qc3 a5 17. b3 f5 18. dxe5 fxe4 19. Nxe4 Rxf3 20. gxf3 {1-0 Novak,B-Brancaleone,S W-ch WS/O/098 email 2006}) 12... cxd5 13. cxd5 Bd7 14. Rc1 h6 15. g4 b5 16. Kg2 Qe8 17. Rh1 Rd8 18. Nb3 {[%emt 0:04:22] [#]} h5 $1 19. gxh5 (19. Nfd2 c6) 19... Nf4+ $1 20. Bxf4 exf4 21. Nc5 ({White should try} 21. Nfd4) 21... Bxc5 (21... Qxh5 $17 22. Nxd7 Rxd7) 22. Rxc5 $15 Qxe4 23. Qb3 Rf7 24. Re1 Qf5 25. Nd4 Qg5+ (25... Qxh5 $6 26. Qf3 Qxf3+ 27. Kxf3 $11) 26. Kh2 Qh4 27. Rc2 f3 28. Ne6 {[%emt 0:01:16] [#]} Bxe6 $1 29. dxe6 Qf4+ 30. Kh1 Re7 {[%emt 0:00:04][%cal Bf7e7,Be7e6,Be6g6][%mdl 32] Hoping for ...Qf5.} 31. Rc3 Qd2 $40 {[%emt 0:00:26][%csl LRe1,LRf2][%mdl 128] Black attacks with force.} 32. Rf1 Qe2 33. Kg1 Qxe6 {[%emt 0:05:33] Black is much more active.} (33... Rxe6 $2 34. Re3 (34. Rxf3 Kh7 $17) 34... Rdd6 35. Rxe2 $18 (35. Re1 Qd2 $17)) (33... c5 {keeps more tension.} 34. Re3 Qd2 35. h6 Rd5) 34. Qxe6+ Rxe6 35. Rxc7 $17 {[%emt 0:00:14][%cal Oh5h6][%mdl 4096] Endgame KRR-KRR} Rd2 36. h6 gxh6 37. Ra7 f5 38. Rc1 {[%emt 0:01:41] Rc8+ would kill now.} Rg6+ (38... Rxb2 $2 {leads to mate.} 39. Rc8+) 39. Kf1 $2 {[%emt 0:03:09] [#] White does not recover from this.} (39. Kh1 $1 $11 {and White has nothing to worry.} Rd8 40. a3) 39... Rc6 $3 $19 {[%emt 0:02:42][%cal Rc6c1][%mdl 576] Deflection, Back Rank} 40. Re1 (40. Ra8+ Kg7) 40... Kf8 {[%emt 0:00:24] Prevents Re8+. Threatens to win with ...Rcc2.} (40... Rxb2 $2 41. Re8#) 41. Kg1 Rxb2 42. h4 (42. Re3 {is a better defense.}) 42... h5 43. a3 f4 44. Rd7 $2 (44. Rd1 {keeps fighting.} Ke8 45. Rh7) 44... Rg6+ {[%emt 0:02:12][%mdl 64] Deflection} 45. Kh1 (45. Kf1 $142 Rg2 46. Rc1 Rgxf2+ 47. Kg1) 45... Rxf2 {[%emt 0:00:19] ( -> ...Rg3)} 46. Rc1 Re2 47. Rd5 f2 {[%emt 0:00:42] Weighted Error Value: White=0.61/Black=0.11 (very precise)} (47... Rgg2 $142 48. Rg5 Rh2+ 49. Kg1 f2+ 50. Kf1 Ra2 51. Rf5+ Kg7 52. Rc7+ Kg6 53. Rg5+ Kf6 54. Rc6+ Kf7 55. Rf5+ Ke7 56. Rc7+ Ke6 57. Rf6+ {[%mdl 64] Decoy} Kxf6 58. Rc6+ Ke7 59. Rc7+ Kd6 60. Rd7+ Kxd7 61. a4 Rh1+ 62. Kg2 f1=Q#) 0-1

[Event "Saint Louis Super Swiss 2023"]
[Site "Saint Louis"]
[Date "2023.03.17"]
[Round "9.1"]
[White "Jacobson, Brandon"]
[Black "Quesada Perez, Yasser"]
[Result "1-0"]
[ECO "E06"]
[WhiteElo "2543"]
[BlackElo "2604"]
[Annotator "TA"]
[PlyCount "125"]
[EventDate "2023.03.12"]
[EventType "swiss"]
[EventCountry "USA"]
[TimeControl "5400+30"]

1. Nf3 d5 2. d4 Nf6 3. c4 e6 4. g3 Be7 5. Bg2 O-O 6. Nc3 c6 7. O-O a5 {[%emt 0:00:06] E06: Closed Catalan: Early deviations.} 8. Re1 Nbd7 9. Nd2 e5 {[%emt 0:11:07] White has an edge.} 10. dxe5 Nxe5 11. cxd5 Nxd5 12. Nxd5 cxd5 13. Nf3 Nxf3+ 14. Bxf3 Be6 15. Be3 Bf6 16. Bd4 Rc8 {[%emt 0:00:18] [#]} 17. Bxf6 $146 ({Predecessor:} 17. Qd2 Bxd4 18. Qxd4 Rc4 19. Qd2 Qb6 20. b3 Rb4 21. Red1 d4 22. Rac1 Rd8 23. Qf4 {1-0 Nguyen,T (2651)-Dvirnyy,D (2531) EU-ch 23rd Vrnjacka Banja 2023 (3)}) 17... Qxf6 18. Qb3 d4 19. Qb5 Qf5 20. Qxf5 Bxf5 21. Bxb7 Rb8 22. Bd5 Rxb2 23. Rad1 Rb4 24. a3 Ra4 25. e4 Be6 26. Rd3 Rd8 ({Black should play} 26... g5 $11) 27. Bxe6 $1 $14 fxe6 {[%emt 0:00:05][%mdl 4096] Endgame KRR-KRR} 28. Rc1 {[%emt 0:00:02] Repels Rc8} Rd7 {[%emt 0:00:34] Dodges Rc7} (28... Kf7 $11) 29. Rc6 Kf7 $1 ({Don't do} 29... e5 30. Re6 $16) 30. e5 Rd5 31. f4 g5 32. Kf2 {[%emt 0:01:43] White is more active.} g4 {[%emt 0:00:16] [#] Black is on the road to losing.} 33. Rb3 $1 {[%emt 0:00:45] Prevents Rb5. Rb7+ is the strong threat.} Ke7 (33... Rd7 $16) 34. Rbb6 Rxa3 35. Rxe6+ Kd7 36. Rbd6+ Rxd6 37. Rxd6+ $16 {[%emt 0:00:02] KR-KR} Ke7 38. Rxd4 h5 39. Ke2 {[%emt 0:00:35] [#] Threatens to win with Rd3.} h4 $2 (39... Rf3 $16 {is a better chance.} 40. Rc4 Kd7) 40. gxh4 $18 Rh3 (40... a4 $142 41. Kd2 Ke6 42. Rd6+ Ke7) 41. Kf2 Ke6 42. Rd6+ Ke7 43. Rd4 $2 (43. Kg2 Kf7 44. h5) 43... Ke6 $1 44. Rd6+ $2 (44. Kg2) 44... Ke7 45. Kg2 Rf3 46. Rd4 Ke6 47. h5 Kf5 48. h6 {[%emt 0:00:39] Threatening mate with Rd6.} Rh3 49. Rd6 {[%emt 0:00:10] White mates.} Kxf4 50. e6 Rxh6 51. e7 Rxd6 52. e8=Q {[%emt 0:00:05] KQ-KR} (52. e8=B {is a self mate.} Rd4 53. Kf2 a4 54. Ke2 Re4+ 55. Kd3 Rxe8 56. Kc4 Ra8 57. Kd4 a3 58. h4 a2 59. Kd5 a1=Q 60. Ke6 Qc3 61. Kd6 Ra6+ 62. Kd5 Ke3 63. h5 Qd4#) 52... Rd2+ 53. Kf1 Rd5 54. Qc6 Rf5 55. Kg2 Kg5 56. Qd6 Kh5 57. Qd8 a4 58. Qe8+ Kg5 59. Qxa4 Kh5 60. Qe8+ Kg5 61. Qd8+ Kh5 62. Qe7 Kg6 63. Kg3 {[%emt 0:00:08] Weighted Error Value: White=0.36/Black=0.34} 1-0

[Event "Saint Louis Super Swiss 2023"]
[Site "Saint Louis"]
[Date "2023.03.16"]
[Round "9.2"]
[White "Yoo, Christopher Woojin"]
[Black "Raja Harshit"]
[Result "1/2-1/2"]
[ECO "E11"]
[WhiteElo "2591"]
[BlackElo "2498"]
[Annotator "TA"]
[PlyCount "47"]
[EventDate "2023.03.12"]
[EventType "swiss"]
[EventCountry "USA"]
[SourceTitle "playchess.com"]
[Source "ChessBase"]
[SourceQuality "1"]
[TimeControl "5400+30"]

1. d4 Nf6 2. c4 e6 3. Nf3 d5 4. g3 Bb4+ 5. Bd2 Be7 6. Bg2 O-O 7. O-O c6 8. Qc2 b6 9. Bg5 Nbd7 {[%emt 0:04:32] E11: Bogo-Indian.} 10. Nc3 dxc4 {[%emt 0:13:00] [#]} 11. Nd2 $146 ({Predecessor:} 11. e4 Bb7 12. Rad1 a5 13. a4 h6 14. Bd2 b5 15. e5 Nd5 16. Nxd5 cxd5 17. axb5 {0-1 Hartnack,R (2077)-Ribeiro,R (1894) IECG CP.2005.P.00111}) 11... Ba6 12. Bxc6 {[%emt 0:07:57][%cal Oc2a4] [#] And now Qa4! would win.} Rc8 13. Qa4 (13. Bg2 $142) 13... Nb8 $1 $11 14. Bg2 (14. Nxc4 $2 {loses.} Rxc6 15. Ne5 Rc8 $19) 14... Qxd4 15. Nde4 Qd7 16. Qc2 {[%emt 0:00:08] [#]} Nxe4 $1 17. Nxe4 f6 (17... c3 $15 {deserves consideration.} 18. Rad1 (18. bxc3 f5 $17) 18... cxb2 19. Qxb2 Qe8) 18. Rad1 Qc7 19. Be3 (19. Bf4 $5 e5 20. Be3 $15) 19... Bb7 20. Bh3 (20. Nd6 $15 Bxg2 21. Nxc8 Bxf1 22. Nxe7+ Qxe7 23. Kxf1) 20... Qc6 (20... f5 $17 21. Ng5 b5) 21. Bg2 {[%emt 0:00:09][%cal Oe4f6] Threatens to win with Nxf6+!} Qc7 (21... Kh8 $15 22. Bf3 Qc7) 22. Bh3 $17 Qc6 (22... f5 $17 23. Ng5 b5) 23. Bg2 $15 {[%emt 0:00:06][%cal Oe4f6] Nxf6+! would be deadly.} Qc7 (23... Kh8 $15 24. Bf3 Qc7) 24. Bh3 {[%emt 0:00:36] Weighted Error Value: White=0.19 (very precise) /Black=0.34} 1/2-1/2

[Event "Saint Louis Super Swiss 2023"]
[Site "Saint Louis"]
[Date "2023.03.16"]
[Round "9.3"]
[White "Moradiabadi, Elshan"]
[Black "Swiercz, Dariusz"]
[Result "1/2-1/2"]
[ECO "B12"]
[WhiteElo "2507"]
[BlackElo "2646"]
[Annotator "TA"]
[PlyCount "77"]
[EventDate "2023.03.12"]
[EventType "swiss"]
[EventCountry "USA"]
[SourceTitle "playchess.com"]
[Source "ChessBase"]
[SourceQuality "1"]
[TimeControl "5400+30"]

1. e4 {[%emt 0:00:02] ChessBase II} c6 2. d4 d5 3. e5 Bf5 4. Nf3 e6 5. Be2 Ne7 6. O-O c5 7. c4 Nbc6 8. dxc5 {[%emt 0:00:36] next Nc3 is good for White. B12: Caro-Kann: Advance Variation.} d4 {[%emt 0:00:05] Inhibits Nc3.} 9. Qb3 Qd7 10. Na3 ({White should play} 10. Rd1 $1 $14) 10... Ng6 $15 11. Nb5 Bxc5 (11... Ngxe5 12. Nxe5 Nxe5 13. Bf4 $14) 12. Rd1 $1 {[%emt 0:00:01][%cal Of3d4] [#]} f6 $146 ({Don't play} 12... Ngxe5 13. Nxe5 Nxe5 14. Qg3 $14) ({But not} 12... Ncxe5 13. Nfxd4 Qe7 14. Nxf5 exf5 15. Be3 $16) ({Predecessor:} 12... Ngxe5 13. Nxe5 Nxe5 14. Qg3 f6 15. Be3 O-O 16. Nxd4 Qe7 17. Nxf5 exf5 18. Rd5 Bxe3 19. Qxe3 {½-½ Ragger,M (2697)-Tari,A (2584) Tata Steel-B 79th 2017 (9)}) 13. exf6 (13. Nd6+ $15 Bxd6 14. exd6 Qxd6 15. Qxb7) 13... gxf6 $17 14. Qa4 {[%emt 0:04:56] aiming for b4.} e5 15. a3 O-O (15... a6 $142 $1 16. b4 axb5 17. Qxa8+ Kf7 18. Qxh8 Nxh8 19. cxb5 Nxb4 20. axb4 Bxb4) 16. b4 Be7 17. Bh6 (17. Nc3 $142) 17... Rfd8 $1 18. c5 {[%emt 0:01:30] [#]} Be6 {[%emt 0:00:35] Prevents Qb3.} (18... Kh8 $142 $1 19. Qb3 Be6) 19. Qc2 {[%emt 0:00:27] [#]} a6 ({Black should try} 19... Kh8 $1 $17 20. Nc3 f5) 20. Nc3 $15 Bf8 (20... Rab8 $5 ) 21. Ne4 $1 Qe7 22. Bd2 Qf7 23. Bd3 Kh8 24. Rf1 Be7 25. Ng3 Bb3 26. Qb1 Bd5 27. Be4 Bxe4 28. Qxe4 Qd5 29. Qf5 Rg8 30. Rfe1 Rad8 31. a4 Qd7 32. Rac1 {[%emt 0:09:09] White is much more active.} ({Much weaker is} 32. b5 Nb8 $11) (32. h4 $5 ) 32... Qxf5 33. Nxf5 Rd5 34. h4 {[%emt 0:02:55] h5 would be deadly.} h5 35. Re4 Bf8 36. Ng3 Be7 37. Nf5 Bf8 38. Ng3 Be7 39. Nf5 {[%emt 0:01:58] Weighted Error Value: White=0.12 (very precise) /Black=0.12 (very precise)} 1/2-1/2

[Event "Saint Louis Super Swiss 2023"]
[Site "Saint Louis"]
[Date "2023.03.17"]
[Round "9.4"]
[White "Escalante Ramirez, Brian Sebasti"]
[Black "Durarbayli, Vasif"]
[Result "1/2-1/2"]
[ECO "B90"]
[WhiteElo "2474"]
[BlackElo "2635"]
[Annotator "TA"]
[PlyCount "118"]
[EventDate "2023.03.12"]
[EventType "swiss"]
[EventCountry "USA"]
[TimeControl "5400+30"]

1. e4 c5 2. Nf3 d6 3. d4 cxd4 4. Nxd4 Nf6 5. Nc3 a6 6. Be3 e5 7. Nf3 Be7 8. Bc4 Be6 9. Bxe6 {[%emt 0:00:51] B90: Sicilian Najdorf: Unusual White 6th moves, 6 Be3 Ng4 and 6 Be3 e5.} fxe6 10. Ng5 Qd7 11. Qf3 Nc6 12. Qh3 Nd8 13. O-O-O h6 14. Bb6 $1 O-O 15. Bxd8 hxg5 16. Bxe7 Qxe7 17. Rd2 b5 18. Qe3 b4 {[%emt 0:00:23] [#]} 19. Nd1 $146 ({Predecessor:} 19. Na4 Rac8 20. h3 Qe8 21. b3 Qg6 22. f3 Rc6 23. Nb2 Rfc8 24. Nc4 Ne8 25. Rhd1 {½-½ Nisipeanu,L (2633)-Petkov,M (2511) ROM-chT Oradea 2022 (3.20)}) 19... d5 20. exd5 exd5 21. Qxg5 Qe6 22. Qg6 d4 23. Kb1 a5 24. Re1 (24. f3 {simplifies} Rae8 25. Re1 Nd5 26. Qxe6+ Rxe6 27. Rxd4 exd4 28. Rxe6 Nf4 29. Rd6) 24... Rad8 (24... Rae8 $16) 25. f3 $18 a4 26. Nf2 b3 27. a3 bxc2+ (27... Rfe8 $16 28. Rde2 Qc4) 28. Rxc2 Qd6 29. Ne4 Nxe4 30. Qxe4 Rfe8 31. Rc6 Qd7 32. Rec1 d3 (32... Re6 $16 33. Rc7 Qe8) 33. Rd1 (33. Qxa4 $18 {Strongly threatening Rd1.} Qf5 34. Qe4) 33... Qd4 $16 34. Rc3 (34. Rc4 {seems wilder.} Qf2 35. Qc6 Qxg2 36. Rh4) 34... Qxe4 35. fxe4 {[%emt 0:00:02][%mdl 4096] Endgame KRR-KRR} Rd4 36. Rdxd3 Rxe4 37. Re3 Rg4 38. g3 {[%emt 0:00:31] Black must now prevent Rc5.} Kf7 39. Rc6 Re6 40. Rc7+ Kg6 $1 41. Kc2 {[%emt 0:00:11] White is much more active.} Rd4 42. Rd3 Rxd3 43. Kxd3 $14 {[%emt 0:00:02] KR-KR} e4+ 44. Kd4 e3 {[%emt 0:06:53] [#] ...e2 is the strong threat.} 45. Rc1 Kf5 {[%emt 0:01:14] Hoping for ...e2.} 46. h3 Rb6 47. Rc5+ Kf6 48. Rc2 (48. Kxe3 {simplifies} Rxb2 49. Rd5 Ra2 50. Rd3) 48... Rb3 49. Re2 Kf5 $1 50. Rg2 (50. Rxe3 {simplifies} Rxb2 51. Rf3+ Kg5 52. Kc4) 50... g6 51. Re2 g5 $1 52. Rxe3 Rxb2 53. g4+ (53. Rf3+ $14 Ke6 54. g4) 53... Kf4 $11 {[%emt 0:00:51] [#] And now ...Rd2+ would win. The position is equal.} 54. Re4+ Kg3 55. Ke5 Kxh3 56. Rxa4 (56. Kf5 $5 Kh4 57. Kf6 $11 (57. Rxa4 Rf2+ 58. Kg6 Rg2 $11)) 56... Rb3 57. Kd5 Rg3 58. Ke5 Rf3 59. Kd6 Rg3 {[%emt 0:00:26] Black defended with fortune.   Weighted Error Value: White=0.10 (very precise) /Black=0.11 (very precise)} 1/2-1/2

[Event "Saint Louis Super Swiss 2023"]
[Site "Saint Louis"]
[Date "2023.03.16"]
[Round "9.5"]
[White "Antipov, Mikhail Al."]
[Black "Hakobyan, Aram"]
[Result "1-0"]
[ECO "C47"]
[WhiteElo "2581"]
[BlackElo "2620"]
[Annotator "TA"]
[PlyCount "75"]
[EventDate "2023.03.12"]
[EventType "swiss"]
[EventCountry "USA"]
[SourceTitle "playchess.com"]
[Source "ChessBase"]
[SourceQuality "1"]
[TimeControl "5400+30"]

1. e4 e5 2. Nf3 Nc6 3. Nc3 Nf6 4. h3 d5 5. exd5 Nxd5 6. Bb5 {[%emt 0:00:04] C47: Scotch Four Knights and Four Knights with 4 g3.} Nxc3 7. bxc3 Bd6 8. d4 {[%emt 0:00:09] The position is equal.} exd4 9. cxd4 O-O 10. O-O h6 {[%emt 0:02:47] Dodges Bg5} 11. Bb2 {[%emt 0:15:46] [#]} a6 $146 ({Predecessor:} 11... Bd7 12. c4 Re8 13. c5 Bf8 14. d5 Ne7 15. Bc4 Ng6 16. Qd4 Qe7 17. d6 cxd6 {½-½ Chigaev,M (2631)-Belyakov,B (2448) Titled Tuesday intern op 26th Jan blitz 2021 (5)}) 12. Bd3 Nb4 13. c4 Nxd3 14. Qxd3 Qf6 15. Qb3 $1 Re8 16. Rfe1 Bd7 (16... Bf5 $11 {remains equal.}) 17. c5 $16 {[%emt 0:02:19] Threatens to win with d5.} Bf4 18. d5 $1 {[%emt 0:03:22] Against Qc6} (18. Qxb7 Qg6 $11) 18... Qg6 {[%emt 0:00:17] [#] This move loses the game for Black.} (18... Qf5 $16) 19. Be5 $1 $18 Bg5 20. Qxb7 {[%emt 0:21:11] Strongly threatening h4.} Bxh3 {[%emt 0:00:53][%cal Og5d2] [#]} 21. Bg3 $1 (21. gxh3 Bf4+ 22. Kf1 (22. Kh1 Qh5 $11) 22... Qd3+ 23. Kg2 Qg6+ 24. Kh1 Qh5 $11) 21... Bf5 22. Qxc7 {[%emt 0:01:14] Rxe8+ is the strong threat.} Bf6 (22... Be4 $142 23. Nxg5 hxg5) 23. Ne5 Bxe5 24. Rxe5 (24. Bxe5 Be4 25. Bg3 Bxd5 $14) 24... h5 {[%emt 0:00:47] Black is weak on the dark squares} 25. Rae1 Red8 (25... f6) 26. d6 {[%emt 0:02:44] White is clearly winning.} Rac8 27. Qe7 Rd7 28. Qh4 {[%emt 0:00:06] Hoping for Re8+.} f6 29. Qc4+ Kh7 {[%emt 0:00:02] [#]} 30. Rxf5 $1 Qxf5 31. c6 (31. Qxa6 Rxc5 32. Qa4 Qg4 $19) 31... Rdd8 32. c7 Re8 33. Rc1 (33. Rxe8 $142 Rxe8 34. Qf7 (34. Qxa6 $2 Re1+ $19) 34... Re1+ 35. Kh2) 33... Re4 {[%emt 0:00:15] [#]} 34. Qxe4 {[%emt 0:02:02][%mdl 576] Deflection, Promotion} Qxe4 35. d7 Qa8 36. Rd1 (36. dxc8=Q $142 Qxc8 37. Rb1) 36... h4 37. dxc8=Q {[%emt 0:00:29][%mdl 64] Promotion} (37. d8=R $2 {loses.} hxg3 38. Rxc8 Qxc8 $19) 37... Qxc8 38. Rd8 {[%emt 0:00:10] Ingenious play by Antipov!   Weighted Error Value: White=0.52/Black=0.43} (38. Bxh4 $2 {is the wrong capture.} Qxc7 39. Rd3 g5 $19) 1-0

[Event "Saint Louis Super Swiss 2023"]
[Site "Saint Louis"]
[Date "2023.03.16"]
[Round "9.6"]
[White "Grabinsky, Aaron"]
[Black "Nyzhnyk, Illya"]
[Result "0-1"]
[ECO "B40"]
[WhiteElo "2405"]
[BlackElo "2654"]
[Annotator "TA"]
[PlyCount "76"]
[EventDate "2023.03.12"]
[EventType "swiss"]
[EventCountry "USA"]
[SourceTitle "playchess.com"]
[Source "ChessBase"]
[SourceQuality "1"]
[TimeControl "5400+30"]

1. e4 c5 2. Nf3 e6 3. b3 b6 4. Bd3 Bb7 5. O-O d6 6. Bb2 {[%emt 0:00:22] B40: Sicilian: 2...e6, Unusual lines.} Nf6 7. Re1 Nbd7 8. c3 {[%emt 0:01:32] White has an edge.} g6 $5 {[%emt 0:03:30][%mdl 4] Exploring less charted territory.} 9. Bc2 Bg7 10. d4 O-O {[%emt 0:00:05] [#]} 11. c4 $146 ({Predecessor:} 11. Nbd2 Qc7 12. Rc1 Rac8 13. Bb1 Rfe8 14. Qe2 Qb8 15. c4 cxd4 16. Bxd4 Nc5 17. b4 {0-1 Leszko,B (2230)-Farago,I (2350) Budapest FS08 IM 2019 (6)}) 11... d5 12. cxd5 exd5 13. e5 Ne8 14. Nc3 Nc7 15. a3 (15. a4 $11) 15... cxd4 16. Qxd4 Ne6 17. Qd1 {[%emt 0:02:44] [#]} d4 $1 18. Nxd4 Nxd4 19. Qxd4 Nxe5 20. Qxd8 Rfxd8 21. Rad1 {[%emt 0:02:23] Against Nd3} Rxd1 $40 {[%emt 0:00:07][%mdl 128] Black mounts an attack.} 22. Rxd1 Rc8 {[%emt 0:00:37] aiming for ...Ng4.} 23. Be4 Bxe4 24. Nxe4 f5 25. Ng5 {[%emt 0:07:30] [#]} Nd3 $1 {[%emt 0:04:31][%mdl 64] Discovered Attack} 26. Rxd3 Bxb2 $15 {[%emt 0:00:09][%mdl 4096] Endgame KRB-KRN} 27. h4 h6 28. Nf3 Bxa3 29. Rd7 {[%emt 0:00:05] White does not recover from this.} ({White should play} 29. Ne5 $15) 29... a5 $19 30. Ne5 Rc3 31. Nxg6 Rxb3 32. Nf4 a4 33. Nd5 Kf8 {[%emt 0:00:08] White must now prevent ...Bc5.} 34. f3 $2 (34. Kf1) 34... b5 35. Rd8+ Kf7 {[%emt 0:00:06] Black is clearly winning.} 36. Ra8 Bc5+ 37. Kh2 a3 {[%emt 0:00:16] And now ...Rd3 would win.} 38. Ra6 Rd3 {[%emt 0:00:45] Weighted Error Value: White=0.56/Black=0.11 (very precise)} 0-1

[Event "Saint Louis Super Swiss 2023"]
[Site "Saint Louis"]
[Date "2023.03.17"]
[Round "9.7"]
[White "Bruzon Batista, Lazaro"]
[Black "Daggupati, Balaji"]
[Result "1-0"]
[ECO "D11"]
[WhiteElo "2610"]
[BlackElo "2513"]
[Annotator "TA"]
[PlyCount "87"]
[EventDate "2023.03.12"]
[EventType "swiss"]
[EventCountry "USA"]
[TimeControl "5400+30"]

1. d4 d5 2. Nf3 Nf6 3. c4 c6 4. Nbd2 Bf5 5. Nh4 Be4 6. e3 {[%emt 0:02:48] D11: Slav Defence: 3 Nf3 sidelines and 3...Nf6 4 e3 Bg4.} e6 7. Be2 h6 8. Nxe4 {[%emt 0:03:49] The position is equal.} Nxe4 9. Nf3 Nd7 10. O-O Bd6 {[%emt 0:00:23] [#]} 11. Qc2 $146 ({Predecessor:} 11. Nd2 Nxd2 12. Bxd2 O-O 13. Bd3 Qe7 14. Qe2 e5 15. cxd5 cxd5 16. e4 Rae8 17. exd5 {0-1 Kourousis,E (2191)-Lintchevski,D (2450) EU-ch 9th Plovdiv 2008 (8)}) 11... O-O 12. b3 Qe7 13. a3 f5 14. b4 a6 15. Bb2 Bc7 16. Bd3 g5 17. Ne5 Nxe5 18. dxe5 {[%emt 0:00:12] Threatens to win with f3.} g4 19. f3 Ng5 {[%emt 0:03:29] White now steadily converts the win.} (19... gxf3 $14 20. gxf3 Ng5) 20. fxg4 $18 fxg4 21. Bd4 {[%emt 0:06:18] aiming for cxd5.} Qg7 $2 (21... Rxf1+ $16 22. Rxf1 Rf8) 22. Rf6 $1 Rxf6 (22... Bxe5 $2 23. Rg6 $18) (22... dxc4 23. Bxc4 (23. Rg6 cxd3 24. Rxg7+ Kxg7 $16) 23... Rxf6 24. exf6 Qf7) 23. exf6 Qd7 24. Rf1 e5 (24... Rf8 $142 25. cxd5 cxd5) 25. Bf5 Qf7 26. Bg6 {[%emt 0:02:33] A strong pair of Bishops.} Qe6 (26... Qf8 $142 27. Bc5 Bd6) 27. Bc5 e4 28. cxd5 Qxd5 29. f7+ Kg7 {[%emt 0:00:05] [#]} 30. Bxe4 Nxe4 31. f8=Q+ Rxf8 32. Bxf8+ ({Stronger than} 32. Rxf8 b6 33. Re8 Bxh2+ 34. Kxh2 (34. Kh1 Nxc5 35. Qb2+ Kf7 $11) 34... Qh5+ 35. Kg1 Qxe8 36. Bxb6 Qe6 $11) 32... Kg6 33. Bc5 Qe5 {[%emt 0:02:32][%csl Gc7][%cal Re5h2] [#]} 34. g3 $1 {[%emt 0:00:49] And now Rf4 would win.} Kh5 35. Bd4 Qd5 36. a4 Bd6 {[%emt 0:01:20] [#]} 37. Bc5 $1 Bc7 38. a5 Qe6 39. Qd3 Qe5 $2 (39... Kg5 40. Qc2 Kh5) 40. Rf7 Ng5 41. Rf5 Qa1+ 42. Qf1 Qb2 (42... Qxf1+ $142 43. Rxf1 Kg6) 43. Be7 (43. Rxg5+ $142 Kxg5 44. Bd4) 43... Qc3 {[%emt 0:00:28] [#]} 44. Rxg5+ $1 {[%emt 0:00:19][%mdl 576] Remove Defender. Artfully played by Bruzon Batista.   Weighted Error Value: White=0.48/Black=0.61} 1-0